AoeStats
← Leka

Arabia

505496627Analyzed
1v1 RM · 23d ago on Sep 9, 2026· 31m 40s· 2 players
Game mode
Random Map
Map size
Tiny (2 player)
Population
200
Speed
Normal
Resources
Standard
Victory
Conquest
Starting age
Dark Age
Ending age
Imperial Age
RankedLock teamsTeams togetherTeam positionsShared explorationLock speedFull tech treeHidden civsTurbo modeCheats
Victory
Defeat
🇺🇸 Ethiopians · United States
1058
+16
🇫🇮 Maya · Finland
1062
-16
flajj
8:05 Loom
11:03 Feudal Age
11:54 Double-Bit Axe
18:03 Fletching
18:13 Padded Archer Armor
19:32 Forging
26:18 Castle Age
26:47 Wheelbarrow
26:37 Horse Collar
26:40 Crossbowman
27:42 Bodkin Arrow
28:41 Leather Archer Armor
28:39 Town Watch
Leka
0:31 Loom
9:23 Feudal Age
11:14 Horse Collar
12:08 Double-Bit Axe
14:16 Fletching
15:52 Padded Archer Armor
21:44 Castle Age
21:45 Crossbowman
30:22 Bow Saw
30:25 Bodkin Arrow
30:45 Leather Archer Armor
Connection lost

Rejoining the realm…

Still unreachable

The connection could not be restored.

Session expired

The server has moved on; the page needs a fresh start.